 Dungeon Crawl Stone Soup version 0.28-a0-297-g99b01970c5 (webtiles) character file.

Game seed: 11885041056846789917

399 McIrco the Fighter (level 6, 0/93 HPs)
             Began as a Hill Orc Cinder Acolyte on Aug 29, 2021.
             Was a Follower of Ignis.
             Slain by a water moccasin (5 damage)
             ... in a sewer.
             The game lasted 00:04:09 (2095 turns).

McIrco the Fighter (Hill Orc Cinder Acolyte)        Turns: 2095, Time: 00:04:09

Health: 0/93       AC:  4    Str: 20    XL:     6   Next: 84%
Magic:  7/7        EV: 11    Int: 13    God:    Ignis [*.....]
Gold:   56         SH:  0    Dex:  6    Spells: 6/7 levels left

rFire   + . .      SeeInvis .   a - +0 hand axe (flame)
rCold   . . .      Faith    .   (no shield)
rNeg    . . .      Spirit   .   b - +0 robe
rPois   .          Reflect  .   d - +1 helmet
rElec   .          Harm     .   (no cloak)
rCorr   .          Rampage  .   (no gloves)
Will    .....                   (no boots)
Stlth   ..........              (no amulet)
HPRegen 0.25/turn               (no ring)
MPRegen 0.10/turn               (no ring)

@: berserking, lethally poisoned (0 -> -11), very quick
A: no striking features
a: Renounce Religion, Sea of Fire, Foxfire Swarm


You were in a sewer.
You worshipped Ignis.
Ignis was aware of your devotion.
You visited 1 branch of the dungeon, and saw 5 of its levels.
You also visited: Sewer.

You collected 56 gold pieces.

Inventory:

Hand Weapons
 a - a +0 hand axe of flaming (weapon)
Armour
 b - a +0 robe (worn)
 d - a +1 helmet (worn)
Jewellery
 j - a +6 ring of intelligence
Wands
 e - a wand of charming (9)
Scrolls
 f - a scroll of enchant weapon
Potions
 g - a potion of cancellation {unknown}
 i - a potion of flight {unknown}


   Skills:
 + Level 8.4 Fighting
 - Level 5.1 Axes
 - Level 0.3 Dodging
 - Level 1.0 Spellcasting
 - Level 1.1 Fire Magic


You had 6 spell levels left.
You knew the following spells:

 Your Spells              Type           Power      Damage    Failure   Level
a - Foxfire               Conj/Fire      8%         2x1d4     22%         1

Your spell library contained the following spells:

 Spells                   Type           Power      Damage    Failure   Level
 Magic Dart               Conj           0%         1d3       28%         1
 Call Imp                 Summ           0%         N/A       38%         2
 Mephitic Cloud           Conj/Pois/Air  0%         N/A       63%         3


Dungeon Overview and Level Annotations

Branches:
Dungeon (5/15)              Sewer (1/1)
 Temple: D:4-7

Altars:


Message History

The water moccasin is moderately wounded.
You feel sick.
The water moccasin bites you but does no damage.
You hit the water moccasin. You burn the water moccasin.
The water moccasin is heavily wounded.
You feel sick. The water moccasin misses you.
The water moccasin barely misses you.
You hit the water moccasin. You burn the water moccasin.
The water moccasin is heavily wounded.
You feel sick. The water moccasin bites you.
You are more poisoned.
The water moccasin poisons you!
You hit the water moccasin. You burn the water moccasin.
The water moccasin is severely wounded.
You feel very sick. The water moccasin misses you.
The water moccasin bites you.
* * * LOW HITPOINT WARNING * * *
You are lethally poisoned!
The water moccasin poisons you!
Unknown command.
It was a potion of berserk rage.
A red film seems to cover your vision as you go berserk!
You feel yourself moving faster!
You feel mighty!
* * * LOW HITPOINT WARNING * * *
You feel very sick. The water moccasin barely misses you.
Unknown command.
You are too berserk!
You are too berserk!
You closely miss the water moccasin.
The water moccasin is severely wounded.
* * * LOW HITPOINT WARNING * * *
You feel very sick.
The water moccasin bites you but does no damage.
You barely miss the water moccasin.
The water moccasin is severely wounded.
* * * LOW HITPOINT WARNING * * *
You feel very sick. The water moccasin bites you.
You die...

##### #
!(#. $
≈#.#≈
#..≈#
##≈.≈##
#.≈.S≈#
#.≈.@.##
#...#≈..#
#.≈
##..##
#.. #...#
#. ##..#
#. #≈.#
#.≈ #≈.#
#≈.#
##.≈#
#.≈.
#≈..#


You could see a water moccasin.

Vanquished Creatures
  A necrophage (D:5)
  An ogre (D:4)
  A hound (D:4)
  An orc priest (D:2)
  A hound skeleton (D:4)
  Robin (D:2)
  4 gnolls (D:2)
  5 adders
  A white imp (D:5)
  A worm (D:3)
  4 orcs (D:2)
  4 endoplasms
  2 giant cockroaches (D:5)
  11 goblins (D:2)
  4 hobgoblins (D:2)
  7 jackals
  5 kobolds
  3 rats (D:2)
57 creatures vanquished.

Vanquished Creatures (others)
  85 foxfires
85 creatures vanquished.

Grand Total: 142 creatures vanquished

Notes
Turn   | Place    | Note
-------+----------+-------------------------------------------
     0 | D:1      | McIrco the Hill Orc Cinder Acolyte began the quest for the
                  | Orb.
     0 | D:1      | Reached XP level 1. HP: 19/19 MP: 2/2
    54 | D:2      | Reached skill level 4 in Fighting
    75 | D:1      | Reached XP level 2. HP: 12/27 MP: 3/3
   263 | D:2      | Noticed Robin
   290 | D:2      | Killed Robin
   291 | D:2      | Reached skill level 5 in Axes
   291 | D:2      | Reached XP level 3. HP: 23/33 MP: 4/4
   569 | D:2      | Reached skill level 5 in Fighting
   569 | D:2      | Reached XP level 4. HP: 40/42 MP: 5/5
   589 | D:1      | HP: 2/42 [jackal (2)]
   886 | D:1      | You fall into a shaft and drop 1 floor!
   904 | D:2      | Reached skill level 6 in Fighting
   904 | D:2      | Reached XP level 5. HP: 24/50 MP: 6/6
  1386 | D:4      | Noticed an ogre
  1388 | D:4      | Killed an ogre
  1389 | D:4      | Reached skill level 7 in Fighting
  1389 | D:4      | Reached XP level 6. HP: 60/60 MP: 7/7
  1505 | D:5      | Entered Level 5 of the Dungeon
  1528 | D:5      | Noticed a necrophage
  1531 | D:5      | Killed a necrophage
  1532 | D:5      | Reached skill level 8 in Fighting
  1793 | D:5      | Found a glowing drain.
  1859 | Sewer    | Entered a sewer
  2078 | Sewer    | Noticed a water moccasin
  2095 | Sewer    | Slain by a water moccasin

Illustrated notes

Levels and vault maps discovered:
D:1:      ebering_trefoil_twist, layout_loops_ring,
          chequers_ecumenical_altar_island
D:2:      layout_basic, dk_noncrumbling_4, minmay_misc_feat_nine_boxes,
          st_stairs_1, uniq_robin
D:3:      layout_basic, fedhas_altar_1, mainiacjoe_overflow_brackets,
          uniq_terence
D:4:      layout_loops_corners, nicolae_sif_muna_condensation
D:5:      layout_rooms, gammafunk_temple_overflow_wave, gup_sewer_entry_glass
Sewer:    sewer_the_moccasin

Skill      XL: |  1  2  3  4  5  6 |
---------------+-------------------+-----
Fighting       | 4 5 6 7 8 |  8.4
Axes           | 5 |  5.1
Dodging        | |  0.3
Spellcasting   | |  1.0
Fire Magic     | |  1.1

Action                   |  1- 3 |  4- 6 || total
-------------------------+-------+-------++-------
Melee: Hand axe          |    41 |    97 ||   138
Invok: Sea of Fire       |     1 |       ||     1
       Foxfire Swarm     |     3 |     4 ||     7
       Rising Flame      |       |     1 ||     1
  Use: Scroll            |       |     5 ||     5
       Potion            |       |     1 ||     1
Armor: Robe              |    13 |    24 ||    37
Dodge: Dodged            |    33 |    71 ||   104

Table legend: (Time is in decaauts)
 A = Elapsed time spent in this place.
 B = Non-inter-level travel time spent in this place.
 C = Inter-level travel time spent in this place.
 D = Time resting spent in this place.
 E = Time spent auto-exploring this place.
 F = Levels seen in this place.
 G = Mean time per level.
                   A        B        C        D        E       F      G
               +--------+--------+--------+--------+--------+-----+--------+
         Total |   2106 |   2072 |     34 |    763 |    826 |   6 |  351.0 |
       Dungeon |   1867 |   1833 |     34 |    636 |    751 |   5 |  373.4 |
         Sewer |    238 |    238 |      0 |    127 |     75 |   1 |  238.0 |
               +--------+--------+--------+--------+--------+-----+--------+

Top non-repeatable levels by time:
     D:2: 689 daAuts
     D:1: 516 daAuts
     D:5: 356 daAuts
     D:4: 265 daAuts
   Sewer: 238 daAuts
     D:3: 40 daAuts
